 Dungeon Crawl Stone Soup version 0.18.1-48-g4cf74bf (webtiles) character file.

116 Heedrag the Magician (level 4, -2/24 HPs)
             Began as a Deep Elf Conjurer on July 24, 2016.
             Slain by a gnoll (7 damage)
             ... on level 2 of the Dungeon.
             The game lasted 00:04:59 (2127 turns).

Heedrag the Magician (Deep Elf Conjurer)            Turns: 2127, Time: 00:04:59

Health: -2/24      AC:  3    Str:  6    XL:     4   Next: 69%
Magic:  3/14       EV: 13    Int: 20    God:
Gold:   96         SH:  0    Dex: 15    Spells: 3 memorised, 8 levels left

rFire  . . .     SeeInvis .     d - +0 spear (curse)
rCold  . . .     Gourm    .     a - +0 robe
rNeg   . . .     Faith    .     (no shield)
rPois  .         Spirit   .     l - +0 helmet
rElec  .         Dismiss  .     (no cloak)
rCorr  .         Reflect  .     (no gloves)
SustAt .         Harm     .     (no boots)
MR     .....                    (no amulet)
Stlth  ++........               (no ring)
                                (no ring)

@: very slightly contaminated, not resistant to hostile enchantments, unstealthy
A: no striking features
a: no special abilities


You were on level 2 of the Dungeon.
You were not hungry.

You visited 1 branch of the dungeon, and saw 3 of its levels.

You collected 96 gold pieces.

Inventory:

Hand Weapons
 d - a cursed +0 spear (weapon)
Armour
 a - a +0 robe (worn)
 l - a +0 helmet (worn)
Scrolls
 e - 3 scrolls of enchant weapon {unknown}
 h - a scroll of teleportation {unknown}
 j - 3 scrolls of identify {unknown}
 s - a scroll of amnesia {unknown}
 u - a scroll of remove curse {unknown}
Potions
 g - a potion of agility {unknown}
 i - a potion of heal wounds {unknown}
 k - a potion of haste {unknown}
 m - 2 potions of brilliance {unknown}
 o - 2 potions of flight {unknown}
 q - 3 potions of magic {unknown}
 r - a potion of might {unknown}
 v - a potion of lignification {unknown}
Books
 b - a book of Conjurations

   Spells                             Type                      Level
   a - Magic Dart                     Conjuration                  1
   b - Searing Ray                    Conjuration                  2
   c - Dazzling Spray                 Conjuration/Hexes            3
   d - Fulminant Prism                Conjuration/Hexes            4
   e - Iskenderun's Mystic Blast      Conjuration                  4
   f - Iskenderun's Battlesphere      Conjuration/Charms           5
Comestibles
 c - a bread ration
 f - 2 meat rations
 n - 3 fruits
 p - 2 beef jerkies
 t - 2 chunks of flesh


   Skills:
 - Level 2.4 Dodging
 - Level 2.4 Stealth
 * Level 6.7 Spellcasting
 - Level 4.3 Conjurations


You had 8 spell levels left.
You knew the following spells:

 Your Spells              Type           Power        Failure   Level  Hunger
a - Magic Dart            Conj           ###.         1%          1    None
b - Dazzling Spray        Conj/Hex       ###...       14%         3    #......
c - Iskenderun's Mystic   Conj           ###.....     17%         4    ###....


Dungeon Overview and Level Annotations

Branches:
Dungeon (3/15)

Altars:
Gozag
Kikubaaqudgha


Message History

Ye climb upwards.
Thar be a stone staircase leadin' down 'ere.
Unknown command.
Castin': Magic Dart Confirm wit' . or Enter, or press ? or * ta list all spells.
Aimin': Magic Dart
Press: ? - help, Shift-Dir - straight line, f - gnoll
Aim: a gnoll (moderately wounded) Tha magic dart hits tha gnoll.
Tha gnoll be heavily wounded.
Tha gnoll barely misses ye.
Castin': Magic Dart Confirm wit' . or Enter, or press ? or * ta list all spells.
Aimin': Magic Dart
Press: ? - help, Shift-Dir - straight line, f/p - gnoll
Aim: a gnoll (heavily wounded) Tha magic dart hits tha gnoll.
Tha gnoll be severely wounded.
Tha gnoll hits ye!
Ye die...

##.....###.###..#
....##.'.)_###.##
##.###.###.###.#
#.# #.# #.# #.#
#.# #.###'###.#
#.# #.........###
#.###...........#
##...(...##..<##g#
.............###@#
######.#....## #.#
#.###..####.#
######...........#
........##..######
.#..###.##..###
....# #..)....#
..#.###.##.##.#
...........##.#


You could see a gnoll.

Vanquished Creatures
  An orc wizard (D:2)
  3 adders
  A gnoll (D:3)
  An ooze (D:1)
  2 worms (D:2)
  2 orcs (D:3)
  7 bats
  4 giant cockroaches
  7 goblins
  3 hobgoblins
  A ball python (D:1)
  5 kobolds
  5 rats
42 creatures vanquished.

Vanquished Creatures (others)
  A rat (D:2)
1 creature vanquished.

Grand Total: 43 creatures vanquished

Notes
Turn   | Place    | Note
--------------------------------------------------------------
     0 | D:1      | Heedrag the Deep Elf Conjurer began the quest for the Orb.
     0 | D:1      | Reached XP level 1. HP: 10/10 MP: 6/6
   150 | D:1      | Reached XP level 2. HP: 15/15 MP: 1/8
   155 | D:1      | Reached skill level 4 in Spellcasting
   960 | D:2      | Found a faded altar to an unknown god.
   978 | D:2      | Reached XP level 3. HP: 10/19 MP: 1/11
  1004 | D:2      | Found an ancient bone altar of Kikubaaqudgha.
  1173 | D:2      | Reached skill level 5 in Spellcasting
  1178 | D:2      | Learned a level 3 spell: Dazzling Spray
  1524 | D:2      | Found an opulent altar of Gozag.
  1891 | D:2      | Reached XP level 4. HP: 24/24 MP: 11/13
  1916 | D:3      | Learned a level 4 spell: Iskenderun's Mystic Blast
  2012 | D:3      | Reached skill level 6 in Spellcasting
  2127 | D:2      | Slain by a gnoll

Skill      XL: |  1  2  3  4 |
---------------+-------------+-----
Spellcasting   | 4 5 6 |  6.7
Dodging        | |  2.4
Stealth        | |  2.4
Conjurations   | |  4.3

Action                   |  1- 3 |  4- 6 || total
-------------------------+-------+-------++-------
Melee: Spear             |    26 |     4 ||    30
 Cast: Magic Dart        |    88 |    18 ||   106
       Dazzling Spray    |       |     4 ||     4
  Eat: Chunk             |     3 |     1 ||     4
Armor: Robe              |     7 |     1 ||     8
Dodge: Dodged            |    16 |     2 ||    18
